AoeStats
← TheEragon35

Arabia

514568751Analyzed
3v3 RM · 18d ago on Oct 18, 2026· 53m 59s· 6 players
Game mode
Random Map
Map size
Normal (6 player)
Population
200
Speed
Normal
Resources
Standard
Victory
Conquest
Starting age
Dark Age
Ending age
Imperial Age
RankedLock teamsTeams togetherTeam positionsShared explorationLock speedFull tech treeHidden civsTurbo modeCheats
Victory
Defeat
🇫🇷 Magyars · France
1036
+14
🇫🇷 Bohemians · France
1027
+15
🇫🇷 Italians · France
982
+16
vs
🇳🇱 Britons · Netherlands
1047
-17
🇧🇪 Malians · Belgium
969
-14
🇸🇪 Khmer · Sweden
968
-14
TheEragon35
6:36 Loom
9:18 Feudal Age
17:19 Double-Bit Axe
19:07 Horse Collar
19:19 Gold Mining
24:22 Castle Age
24:02 Scale Mail Armor
27:55 Wheelbarrow
27:40 Bow Saw
28:37 Heavy Plow
29:25 Gold Shaft Mining
29:25 Hand Cart
30:14 Town Watch
32:52 Stone Mining
35:41 Imperial Age
34:37 Husbandry
34:48 Bloodlines
34:48 Scale Barding Armor
34:36 Fletching
36:14 Chain Barding Armor
35:23 Light Cavalry
36:04 Pikeman
37:51 Plate Barding Armor
36:39 Hussar
38:27 Two-Man Saw
38:00 Crop Rotation
38:41 Chain Mail Armor
38:40 Bodkin Arrow
39:02 Chain Mail Armor
38:43 Bodkin Arrow
39:01 Halberdier
41:49 Conscription
41:31 Recurve Bow
41:02 Elite Magyar Huszar
44:25 Onager
50:51 Corvinian Army
WhackNDaQuack
9:56 Feudal Age
11:00 Loom
18:24 Castle Age
18:10 Horse Collar
19:35 Double-Bit Axe
22:11 Bow Saw
23:50 Bloodlines
27:33 Wheelbarrow
27:27 Gold Mining
28:07 Heavy Plow
28:13 Padded Archer Armor
28:04 Fletching
28:11 Stone Mining
30:19 Crossbowman
32:05 Stone Shaft Mining
31:46 Thumb Ring
31:03 Elite Skirmisher
33:20 Leather Archer Armor
33:29 Hand Cart
33:50 Bodkin Arrow
35:15 Husbandry
41:31 Imperial Age
39:57 Ballistics
40:19 Light Cavalry
41:49 Arbalester
42:12 Hussar
44:32 Ring Archer Armor
44:02 Bracer
45:59 Two-Man Saw
46:05 Chemistry
45:48 Scale Barding Armor
45:54 Forging
46:39 Scale Mail Armor
52:31 Chain Barding Armor
52:47 Iron Casting
53:46 Elite Genoese Crossbowman
54:38 Pirotechnia
53:53 Elite Genoese Crossbowman
nagou
11:42 Feudal Age
17:55 Castle Age
15:54 Double-Bit Axe
18:00 Pikeman
19:29 Horse Collar
21:16 Bow Saw
21:52 Wheelbarrow
24:35 Heavy Plow
27:37 Hand Cart
27:37 Loom
33:03 Imperial Age
32:16 Chemistry
32:07 Forging
31:57 Scale Mail Armor
31:59 Padded Archer Armor
31:50 Fletching
34:21 Husbandry
34:11 Houfnice
45:07 Light Cavalry
LON | Trusttheprocess
10:06 Feudal Age
10:05 Loom
10:34 Double-Bit Axe
10:31 Horse Collar
17:33 Castle Age
18:17 Squires
18:47 Bow Saw
19:42 Wheelbarrow
21:47 Hand Cart
21:36 Heavy Plow
23:11 Stone Mining
23:50 Pikeman
27:01 Gold Mining
28:16 Stone Shaft Mining
28:20 Gold Shaft Mining
28:37 Tigui
33:38 Imperial Age
31:06 Fletching
32:29 Stone Shaft Mining
32:12 Arson
32:27 Bodkin Arrow
32:43 Forging
32:33 Scale Mail Armor
32:47 Town Watch
33:52 Ballistics
33:13 Treadmill Crane
34:13 Town Patrol
35:06 Iron Casting
34:55 Conscription
35:14 Crop Rotation
35:53 Chemistry
35:11 Chain Mail Armor
35:47 Murder Holes
36:02 Masonry
36:24 Plate Mail Armor
35:22 Elite Gbeto
37:20 Architecture
37:30 Hoardings
40:38 Elite Skirmisher
42:34 Thumb Ring
43:47 Padded Archer Armor
46:38 Leather Archer Armor
47:08 Scale Barding Armor
49:22 Ring Archer Armor
DirtyDwarf
7:21 Loom
10:29 Feudal Age
13:37 Castle Age
12:19 Double-Bit Axe
20:11 Husbandry
29:01 Horse Collar
29:33 Bow Saw
34:07 Bloodlines
35:25 Wheelbarrow
34:36 Town Watch
35:28 Ballistics
35:22 Forging
35:26 Scale Barding Armor
36:37 Town Patrol
36:32 Light Cavalry
37:43 Hand Cart
41:05 Imperial Age
40:04 Murder Holes
40:32 Chain Barding Armor
40:47 Iron Casting
40:32 Caravan
41:16 Hussar
42:02 Double Crossbow
42:51 Elite Ballista Elephant
45:49 Blast Furnace
45:44 Conscription
48:51 Plate Barding Armor
50:09 Chemistry
53:18 Siege Engineers
Toompower
2:40 Loom
9:46 Feudal Age
11:03 Wheelbarrow
10:17 Double-Bit Axe
11:11 Horse Collar
20:53 Castle Age
19:21 Stone Mining
19:52 Gold Mining
21:22 Town Watch
21:53 Bow Saw
22:23 Heavy Plow
22:16 Pikeman
24:14 Forging
24:38 Squires
26:21 Fletching
26:31 Padded Archer Armor
27:52 Hand Cart
33:55 Imperial Age
32:16 Gold Shaft Mining
31:43 Bodkin Arrow
34:03 Ballistics
33:40 Murder Holes
33:57 Elite Longbowman
35:18 Conscription
35:16 Bracer
36:27 Halberdier
36:52 Gambesons
37:11 Scale Mail Armor
39:03 Leather Archer Armor
38:12 Light Cavalry
38:52 Husbandry
40:39 Two-Man Saw
40:58 Scale Barding Armor
42:53 Ring Archer Armor
43:17 Caravan
45:22 Iron Casting
45:03 Chain Mail Armor
45:09 Chain Barding Armor
46:08 Masonry
47:01 Chemistry
47:06 Blast Furnace
46:45 Hoardings
46:52 Yeomen
50:45 Plate Mail Armor
51:24 Architecture
Connection lost

Rejoining the realm…

Still unreachable

The connection could not be restored.

Session expired

The server has moved on; the page needs a fresh start.